General information
- name: BNet
- type: Ladder team game (AT/RT)
- host: Battle.net
- saver: Teelo
map: HurricaneIsle
- players: 8
- length: 44:31
- speed: Fast
- version: 1.26 W3XP
- replay type: Public
» download(319 KB)
Players
team 1 (loser)
PuMkInZ (
blue | 29 APM | 1120 actions | 38:12)
5 Crypt Lord
3 Carrion Beetles
2 Impale
5 Death Knight
2 Death Coil
3 Unholy Aura
» actions
| Basic commands | 29 | |
| Build / train | 62 | |
| Enter build submenu | 27 | |
| Enter hero's abilities submenu | 12 | |
| Remove unit from queue | 1 | |
| Right click | 408 | |
| Select / deselect | 506 | |
| Use ability | 75 | |
1120 total
» units
| Acolyte | 9 | |
| Ghoul | 8 | |
| Goblin Zeppelin | 3 | |
| Frost Wyrm | 13 | |
| Goblin Shredder | 1 | |
34 total
» upgrades
| Creature Attack | 3 | |
| Creature Carapace | 3 | |
| Freezing Breath | 1 | |
7 total
» buildings
| Crypt | 1 | |
| Ziggurat | 9 | |
| Altar of Darkness | 1 | |
| Tomb of Relics | 1 | |
| Halls of the Dead | 1 | |
| Black Citadel | 1 | |
| Graveyard | 1 | |
| Sacrificial Pit | 1 | |
| Boneyard | 4 | |
| Necropolis | 1 | |
21 total
» build order
00:08 Crypt
00:14 Ziggurat
00:37 Altar of Darkness
01:15 Ziggurat
01:30 Tomb of Relics
03:11 Ziggurat
03:53 Halls of the Dead
05:07 Ziggurat
05:47 Ziggurat
05:54 Ziggurat
05:56 Ziggurat
06:57 Black Citadel
07:20 Graveyard
07:24 Sacrificial Pit
09:40 Boneyard
09:43 Boneyard
09:45 Boneyard
09:50 Boneyard
12:50 Ziggurat
12:53 Ziggurat
12:57 Necropolis
» items
| Rod of Necromancy | 2 | |
| Scroll of Town Portal | 2 | |
| Healing Salve | 2 | |
6 total
azncheesemonkey (
yellow | 65 APM | 2496 actions | 38:15)
7 Tauren Chieftain
3 Shockwave
3 Endurance Aura
1 Reincarnation
4 Shadow Hunter
2 Hex
2 Healing Wave
» actions
| Assign group hotkey | 188 | |
| Basic commands | 19 | |
| Build / train | 98 | |
| Enter build submenu | 35 | |
| Enter hero's abilities submenu | 11 | |
| Remove unit from queue | 3 | |
| Right click | 1009 | |
| Select / deselect | 368 | |
| Select group hotkey | 681 | |
| Use ability | 84 | |
2496 total
» units
| Peon | 18 | |
| Troll Headhunter/Berserker | 17 | |
| Goblin Zeppelin | 3 | |
| Shaman | 5 | |
| Wind Rider | 11 | |
54 total
» upgrades
| Ranged Weapons | 3 | |
| Troll Regeneration | 1 | |
| Armor | 3 | |
| Shaman Training | 2 | |
| Berserker Upgrade | 1 | |
| Envenomed Spears | 1 | |
| Pillage | 0 | |
| Reinforced Defenses | 1 | |
12 total
» buildings
| Altar of Storms | 1 | |
| Orc Burrow | 14 | |
| War Mill | 2 | |
| Stronghold | 5 | |
| Barracks | 2 | |
| Voodoo Lounge | 1 | |
| Spirit Lodge | 2 | |
| Fortress | 3 | |
| Great Hall | 3 | |
| Beastiary | 2 | |
| Watch Tower | 3 | |
38 total
» build order
00:10 Altar of Storms
00:23 Orc Burrow
01:24 War Mill
02:09 Stronghold
02:09 Stronghold
02:43 Orc Burrow
03:06 Barracks
03:10 Voodoo Lounge
03:15 Barracks
03:45 Orc Burrow
05:53 Orc Burrow
09:11 Spirit Lodge
09:58 Fortress
09:59 Fortress
10:20 Orc Burrow
12:12 Orc Burrow
12:23 Spirit Lodge
15:15 Great Hall
16:48 Beastiary
18:00 Beastiary
21:29 Orc Burrow
21:34 Orc Burrow
21:35 Orc Burrow
22:06 Watch Tower
22:14 Watch Tower
22:15 Watch Tower
28:57 Great Hall
32:41 War Mill
32:48 Orc Burrow
32:53 Stronghold
32:58 Orc Burrow
33:03 Orc Burrow
34:37 Orc Burrow
37:05 Great Hall
37:10 Orc Burrow
» items
| Healing Salve | 1 | |
| Scroll of Town Portal | 1 | |
2 total
EhhWasaBabayy (
green | 38 APM | 1439 actions | 38:01)
7 Archmage
3 Summon Water Elemental
3 Blizzard
1 Mass Teleport
» actions
| Assign group hotkey | 15 | |
| Basic commands | 1 | |
| Build / train | 73 | |
| Enter build submenu | 29 | |
| Enter hero's abilities submenu | 7 | |
| Right click | 791 | |
| Select / deselect | 371 | |
| Select group hotkey | 75 | |
| Use ability | 77 | |
1439 total
» units
| Peasant | 14 | |
| Footman | 2 | |
| Rifleman | 8 | |
| Goblin Shredder | 1 | |
| Goblin Zeppelin | 8 | |
| Siege Engine | 12 | |
45 total
» upgrades
| Gunpowder | 3 | |
| Armor | 1 | |
| Plating | 3 | |
| Barrage | 1 | |
8 total
» buildings
| Altar of Kings | 1 | |
| Farm | 14 | |
| Barracks | 2 | |
| Blacksmith | 1 | |
| Arcane Vault | 1 | |
| Lumber Mill | 1 | |
| Town Hall | 2 | |
| Keep | 1 | |
| Castle | 1 | |
| Workshop | 3 | |
27 total
» build order
00:08 Altar of Kings
00:11 Farm
00:25 Barracks
00:55 Farm
01:24 Barracks
01:51 Farm
02:39 Blacksmith
02:54 Farm
03:32 Arcane Vault
03:41 Farm
04:23 Farm
04:29 Lumber Mill
04:40 Farm
05:27 Farm
06:09 Farm
06:51 Farm
07:43 Town Hall
09:30 Keep
10:33 Farm
11:15 Farm
11:56 Castle
12:01 Workshop
12:22 Workshop
13:06 Workshop
14:10 Farm
14:38 Farm
35:42 Town Hall
» items
| Scroll of Regeneration | 4 | |
| Lesser Clarity Potion | 1 | |
| Scroll of Town Portal | 4 | |
| Potion of Healing | 1 | |
10 total
True_Kingdom (
orange | 40 APM | 1767 actions | 44:29)
7 Demon Hunter
1 Immolation
3 Evasion
2 Mana Burn
1 Metamorphosis
4 Keeper of the Grove
1 Entangling Roots
1 Thorns Aura
2 Force of Nature
» actions
| Assign group hotkey | 11 | |
| Basic commands | 1 | |
| Build / train | 109 | |
| Enter build submenu | 37 | |
| Enter hero's abilities submenu | 11 | |
| Give item / drop item | 6 | |
| Remove unit from queue | 2 | |
| Right click | 651 | |
| Select / deselect | 702 | |
| Select group hotkey | 118 | |
| Use ability | 118 | |
1767 total
» units
| Wisp | 22 | |
| Archer | 22 | |
| Goblin Zeppelin | 5 | |
| Hippogryph | 10 | |
| Chimaera | 6 | |
| Druid of the Claw | 5 | |
| Footman | 5 | |
75 total
» upgrades
| Hippogryph Taming | 1 | |
| Reinforced Hides | 3 | |
| Strength of the Moon | 1 | |
| Strength of the Wild | 2 | |
| Marksmanship | 1 | |
| Moon Armor | 1 | |
| Druid of the Claw Training | 2 | |
| Mark of the Claw | 1 | |
| Corrosive Breath | 1 | |
13 total
» buildings
| Moon Well | 8 | |
| Ancient of War | 1 | |
| Altar of Elders | 1 | |
| Tree of Ages | 1 | |
| Hunter's Hall | 1 | |
| Tree of Eternity | 1 | |
| Ancient of Wind | 2 | |
| Chimaera Roost | 2 | |
| Tree of Life | 3 | |
| Ancient Protector | 9 | |
| Ancient of Lore | 2 | |
| Ancient of Wonders | 1 | |
| Scout Tower | 2 | |
34 total
» build order
00:28 Moon Well
00:32 Ancient of War
01:01 Altar of Elders
02:25 Moon Well
03:05 Tree of Ages
03:22 Moon Well
04:16 Moon Well
05:24 Hunter's Hall
05:27 Tree of Eternity
06:56 Ancient of Wind
07:02 Ancient of Wind
07:31 Moon Well
08:37 Chimaera Roost
08:43 Moon Well
11:07 Tree of Life
11:45 Chimaera Roost
11:50 Moon Well
16:10 Ancient Protector
17:23 Ancient Protector
19:04 Ancient Protector
22:16 Moon Well
25:10 Ancient of Lore
26:30 Tree of Life
26:33 Ancient Protector
26:36 Ancient Protector
26:41 Ancient Protector
26:44 Ancient Protector
26:58 Ancient of Wonders
28:30 Ancient of Lore
33:19 Tree of Life
34:25 Ancient Protector
34:31 Ancient Protector
43:04 Scout Tower
43:06 Scout Tower
» items
| Scroll of Town Portal | 1 | |
| Potion of Healing | 1 | |
| Orb of Venom | 1 | |
| Scroll of Regeneration | 1 | |
4 total
team 2 (winner)

»
Teelo (
teal | 57 APM | 2544 actions | 44:31)
8 Archmage
3 Blizzard
3 Brilliance Aura
1 Mass Teleport
1 Summon Water Elemental
» actions
| Assign group hotkey | 214 | |
| Basic commands | 257 | |
| Build / train | 135 | |
| ESC pressed | 2 | |
| Enter build submenu | 46 | |
| Enter hero's abilities submenu | 8 | |
| Give item / drop item | 5 | |
| Right click | 709 | |
| Select / deselect | 463 | |
| Select group hotkey | 515 | |
| Use ability | 190 | |
2544 total
» units
| Peasant | 13 | |
| Footman | 9 | |
| Goblin Shredder | 4 | |
| Goblin Zeppelin | 9 | |
| Siege Engine | 12 | |
| Knight | 5 | |
52 total
» upgrades
| Masonry | 3 | |
| Barrage | 1 | |
| Lumber Harvesting | 1 | |
| Animal War Training | 1 | |
| Swords | 3 | |
| Plating | 3 | |
| Armor | 3 | |
| Gunpowder | 3 | |
18 total
» buildings
| Altar of Kings | 1 | |
| Farm | 10 | |
| Barracks | 3 | |
| Lumber Mill | 1 | |
| Arcane Vault | 1 | |
| Scout Tower | 34 | |
| Keep | 4 | |
| Arcane Tower | 3 | |
| Blacksmith | 1 | |
| Castle | 5 | |
| Guard Tower | 15 | |
| Workshop | 2 | |
| Town Hall | 5 | |
| Cannon Tower | 1 | |
86 total
» build order
00:30 Altar of Kings
00:44 Farm
00:59 Barracks
01:34 Lumber Mill
01:51 Farm
01:55 Arcane Vault
02:02 Scout Tower
02:59 Keep
03:24 Arcane Tower
03:25 Scout Tower
03:28 Scout Tower
03:32 Scout Tower
03:35 Farm
04:54 Farm
04:55 Farm
04:58 Blacksmith
06:23 Castle
06:23 Castle
06:25 Castle
07:02 Guard Tower
07:05 Workshop
07:59 Town Hall
08:52 Scout Tower
08:52 Scout Tower
08:53 Scout Tower
08:56 Scout Tower
09:24 Guard Tower
09:25 Arcane Tower
09:30 Workshop
11:40 Farm
11:47 Farm
11:50 Farm
12:32 Guard Tower
13:00 Barracks
13:02 Barracks
13:10 Farm
13:12 Farm
14:15 Guard Tower
18:54 Town Hall
19:00 Scout Tower
19:00 Scout Tower
19:01 Scout Tower
19:03 Scout Tower
19:04 Scout Tower
19:05 Scout Tower
19:06 Scout Tower
19:07 Scout Tower
19:08 Scout Tower
19:09 Scout Tower
19:33 Guard Tower
19:57 Cannon Tower
20:00 Arcane Tower
20:26 Guard Tower
20:29 Guard Tower
21:36 Keep
21:38 Guard Tower
21:40 Keep
22:02 Guard Tower
26:45 Town Hall
26:49 Scout Tower
26:49 Scout Tower
26:50 Scout Tower
26:50 Scout Tower
26:51 Scout Tower
27:22 Guard Tower
28:16 Scout Tower
28:17 Scout Tower
30:13 Guard Tower
30:18 Scout Tower
30:19 Scout Tower
31:02 Town Hall
34:21 Town Hall
34:23 Scout Tower
34:23 Scout Tower
34:24 Scout Tower
34:26 Scout Tower
34:27 Scout Tower
35:02 Guard Tower
35:21 Guard Tower
35:35 Guard Tower
37:50 Keep
37:52 Castle
37:56 Castle
» items
| Scroll of Regeneration | 4 | |
| Lesser Clarity Potion | 4 | |
| Potion of Healing | 6 | |
| Ivory Tower | 3 | |
| Scroll of Town Portal | 2 | |
| Orb of Fire | 1 | |
| Staff of Sanctuary | 1 | |
| Potion of Mana | 4 | |
| Potion of Lesser Invulnerability | 1 | |
| Orb of Lightning | 1 | |
| Tiny Great Hall | 1 | |
28 total
BlazeFury (
purple | 72 APM | 3220 actions | 44:30)
6 Blademaster
3 Wind Walk
2 Critical Strike
1 Bladestorm
6 Shadow Hunter
3 Healing Wave
2 Hex
1 Big Bad Voodoo
5 Tauren Chieftain
3 Endurance Aura
1 Shockwave
1 Reincarnation
» actions
| Assign group hotkey | 29 | |
| Basic commands | 25 | |
| Build / train | 130 | |
| Enter build submenu | 34 | |
| Enter hero's abilities submenu | 17 | |
| Give item / drop item | 16 | |
| Remove unit from queue | 13 | |
| Right click | 1685 | |
| Select / deselect | 694 | |
| Select group hotkey | 403 | |
| Use ability | 172 | |
3220 total
» units
| Peon | 13 | |
| Grunt | 4 | |
| Goblin Shredder | 1 | |
| Wind Rider | 11 | |
| Goblin Zeppelin | 8 | |
| Troll Batrider | 2 | |
| Raider | 5 | |
| Kodo Beast | 3 | |
| Tauren | 13 | |
60 total
» upgrades
| Ranged Weapons | 2 | |
| Envenomed Spears | 1 | |
| Melee Weapons | 3 | |
| Ensnare | 1 | |
| Reinforced Defenses | 1 | |
| War Drums Damage Increase | 1 | |
| Pulverize | 1 | |
| Armor | 1 | |
11 total
» buildings
| Altar of Storms | 1 | |
| Barracks | 1 | |
| Orc Burrow | 13 | |
| War Mill | 1 | |
| Stronghold | 0 | |
| Voodoo Lounge | 4 | |
| Fortress | 1 | |
| Beastiary | 4 | |
| Great Hall | 4 | |
| Tauren Totem | 2 | |
31 total
» build order
00:50 Altar of Storms
00:55 Barracks
01:03 Orc Burrow
02:03 Orc Burrow
02:25 War Mill
02:55 Orc Burrow
03:34 Stronghold
04:42 Voodoo Lounge
04:54 Voodoo Lounge
05:56 Fortress
07:29 Beastiary
07:31 Beastiary
08:21 Great Hall
08:24 Beastiary
08:24 Beastiary
08:34 Orc Burrow
08:36 Orc Burrow
17:58 Orc Burrow
18:03 Orc Burrow
19:40 Tauren Totem
19:42 Tauren Totem
22:13 Orc Burrow
31:08 Orc Burrow
31:09 Orc Burrow
31:09 Orc Burrow
31:10 Orc Burrow
31:10 Orc Burrow
33:15 Voodoo Lounge
33:29 Voodoo Lounge
34:46 Stronghold
36:05 Great Hall
39:31 Great Hall
40:31 Great Hall
» items
| Healing Salve | 4 | |
| Lesser Clarity Potion | 4 | |
| Orb of Lightning | 1 | |
| Scroll of Town Portal | 3 | |
| Potion of Healing | 1 | |
| Scroll of Speed | 1 | |
| Boots of Speed | 3 | |
| Scroll of Protection | 1 | |
| Scroll of Healing | 1 | |
| Legion Doom-Horn | 1 | |
| Boots of Quel'Thalas +6 | 1 | |
| Sobi Mask | 1 | |
| Claws of Attack +12 | 1 | |
| Gloves of Haste | 1 | |
24 total
Turbolt09 (
pink | 55 APM | 2441 actions | 44:30)
9 Blademaster
3 Wind Walk
3 Critical Strike
1 Bladestorm
2 Mirror Image
3 Goblin Alchemist
2 Healing Spray
1 Chemical Rage
» actions
| Assign group hotkey | 39 | |
| Basic commands | 20 | |
| Build / train | 108 | |
| Enter build submenu | 39 | |
| Enter hero's abilities submenu | 12 | |
| Give item / drop item | 9 | |
| Remove unit from queue | 3 | |
| Right click | 1028 | |
| Select / deselect | 473 | |
| Select group hotkey | 549 | |
| Use ability | 161 | |
2441 total
» units
| Peon | 26 | |
| Goblin Shredder | 1 | |
| Wind Rider | 17 | |
| Goblin Zeppelin | 4 | |
| Raider | 7 | |
| Troll Batrider | 4 | |
59 total
» upgrades
| Ranged Weapons | 3 | |
| Armor | 3 | |
| Envenomed Spears | 1 | |
| Ensnare | 1 | |
| Melee Weapons | 3 | |
| Pillage | 1 | |
| Reinforced Defenses | 1 | |
| Liquid Fire | 1 | |
| Spiked Barricades | 2 | |
16 total
» buildings
| Altar of Storms | 1 | |
| Orc Burrow | 9 | |
| War Mill | 1 | |
| Voodoo Lounge | 1 | |
| Stronghold | 1 | |
| Fortress | 1 | |
| Beastiary | 4 | |
| Great Hall | 4 | |
| Watch Tower | 15 | |
37 total
» build order
00:13 Altar of Storms
00:28 Orc Burrow
01:27 War Mill
01:55 Voodoo Lounge
02:31 Stronghold
03:12 Orc Burrow
03:57 Orc Burrow
04:53 Fortress
04:56 Beastiary
05:03 Beastiary
05:41 Beastiary
07:21 Orc Burrow
08:13 Great Hall
10:27 Orc Burrow
10:30 Orc Burrow
13:56 Orc Burrow
16:06 Beastiary
16:34 Orc Burrow
17:13 Watch Tower
17:16 Watch Tower
17:19 Watch Tower
17:22 Watch Tower
19:04 Great Hall
19:52 Watch Tower
19:54 Watch Tower
19:56 Watch Tower
19:58 Orc Burrow
21:44 Watch Tower
28:08 Watch Tower
28:09 Watch Tower
28:11 Watch Tower
28:13 Watch Tower
28:14 Watch Tower
28:16 Watch Tower
32:45 Watch Tower
37:02 Great Hall
40:22 Great Hall
» items
| Healing Salve | 5 | |
| Lesser Clarity Potion | 3 | |
| Scroll of Town Portal | 2 | |
| Scroll of Speed | 1 | |
| Scroll of Healing | 2 | |
| Periapt of Vitality | 1 | |
| Potion of Lesser Invulnerability | 1 | |
| Claws of Attack +12 | 1 | |
16 total
EndGame (
red | 79 APM | 3534 actions | 44:30)
6 Far Seer
3 Feral Spirit
3 Chain Lighting
8 Tauren Chieftain
3 Endurance Aura
3 War Stomp
1 Reincarnation
1 Shockwave
5 Blademaster
2 Wind Walk
3 Critical Strike
» actions
| Assign group hotkey | 38 | |
| Basic commands | 60 | |
| Build / train | 98 | |
| ESC pressed | 7 | |
| Enter build submenu | 70 | |
| Enter hero's abilities submenu | 19 | |
| Give item / drop item | 3 | |
| Right click | 1372 | |
| Select / deselect | 952 | |
| Select group hotkey | 632 | |
| Use ability | 283 | |
3534 total
» units
| Peon | 20 | |
| Raider | 14 | |
| Goblin Shredder | 1 | |
| Goblin Zeppelin | 7 | |
| Goblin Sapper | 2 | |
44 total
» upgrades
| Melee Weapons | 3 | |
| Ensnare | 1 | |
| Armor | 4 | |
| Reinforced Defenses | 1 | |
| Spiked Barricades | 2 | |
| Envenomed Spears | 1 | |
| Pillage | 1 | |
13 total
» buildings
| Altar of Storms | 3 | |
| Orc Burrow | 6 | |
| War Mill | 3 | |
| Voodoo Lounge | 1 | |
| Stronghold | 1 | |
| Beastiary | 2 | |
| Great Hall | 4 | |
| Fortress | 1 | |
| Watch Tower | 52 | |
| Barracks | 1 | |
74 total
» build order
00:06 Altar of Storms
00:09 Orc Burrow
01:08 War Mill
01:28 Voodoo Lounge
01:48 Orc Burrow
02:31 Stronghold
02:53 Orc Burrow
03:57 Orc Burrow
05:02 Beastiary
05:03 Beastiary
06:25 War Mill
07:09 Great Hall
07:14 Great Hall
07:46 Fortress
08:53 Orc Burrow
09:09 Orc Burrow
15:31 Watch Tower
15:32 Watch Tower
15:33 Watch Tower
18:05 Watch Tower
18:06 Watch Tower
18:08 Watch Tower
18:19 Watch Tower
18:19 Watch Tower
18:22 Watch Tower
18:40 Watch Tower
18:44 Watch Tower
18:46 Watch Tower
18:56 Watch Tower
18:58 Watch Tower
18:59 Watch Tower
20:36 War Mill
22:21 Watch Tower
22:22 Watch Tower
22:23 Watch Tower
22:55 Watch Tower
22:57 Watch Tower
23:02 Watch Tower
24:36 Watch Tower
25:00 Watch Tower
26:39 Altar of Storms
26:40 Altar of Storms
30:15 Watch Tower
30:16 Watch Tower
30:21 Watch Tower
30:21 Watch Tower
30:35 Watch Tower
30:36 Watch Tower
31:04 Watch Tower
31:25 Watch Tower
31:27 Watch Tower
31:29 Watch Tower
31:59 Watch Tower
32:00 Watch Tower
32:01 Watch Tower
32:02 Watch Tower
32:03 Watch Tower
32:41 Watch Tower
32:41 Watch Tower
32:45 Watch Tower
34:19 Watch Tower
34:22 Great Hall
34:24 Watch Tower
34:25 Watch Tower
34:26 Watch Tower
35:13 Watch Tower
35:18 Watch Tower
35:20 Watch Tower
35:49 Barracks
35:50 Watch Tower
35:51 Watch Tower
35:52 Watch Tower
39:58 Great Hall
» items
| Healing Salve | 3 | |
| Lesser Clarity Potion | 2 | |
| Orb of Lightning | 1 | |
| Scroll of Speed | 2 | |
| Scroll of Town Portal | 3 | |
| Circlet of Nobility | 2 | |
| Scroll of Protection | 2 | |
| Scroll of Healing | 2 | |
17 total
Chat log
(00:03 / All) Teelo: cowards
(00:04 / All) BlazeFury: wow
(00:12 / All) BlazeFury: awesome map!
(00:14 / Allies) BlazeFury: wyuvrn
(00:15 / All) Teelo: lets see how many cowards we have who ditch this map in the first minute
(00:19 / Allies) Turbolt09: mass air
(00:19 / All) Teelo: my favourite map :P
(00:25 / Allies) EndGame: BATS
(00:26 / All) BlazeFury: love this map!
(00:29 / Allies) BlazeFury: no
(00:31 / Allies) BlazeFury: someone get melee
(00:32 / Allies) BlazeFury: please
(00:37 / Allies) Teelo: lol melee on this map
(00:39 / Allies) Teelo: you're funny
(00:39 / Allies) BlazeFury: they get tanks
(00:40 / Allies) EndGame: BATS
(00:41 / Allies) BlazeFury: no good
(00:42 / All) azncheesemonkey: fuck why did i not veto this
(00:45 / Allies) EndGame: k
(00:47 / Allies) Teelo: raiders > tanks
(00:49 / Allies) EndGame: RAIDERS
(00:55 / All) Teelo: har har har now you know
(01:14 / Allies) Turbolt09: fast air and hit early
(01:14 / Allies) Teelo: lol archmage is so overpowered on this map
(01:27 / Allies) BlazeFury: with lvl 6 yes
(01:31 / Allies) BlazeFury: not till the ntho
(01:36 / Allies) Teelo: even before then
(01:39 / Allies) Teelo: easy to aoe creep on this map
(01:53 / Allies) BlazeFury: not that advantage
(02:34 / Allies) Teelo: remember to get a shredder instead of investing in lumber workers
(05:06 / Allies) Teelo: shredders avail now
(05:11 / Allies) BlazeFury: been had lol
(05:14 / Allies) BlazeFury: loike 5 saec ago
(05:17 / Allies) BlazeFury: mass clicke dlol
(05:20 / Allies) Teelo: just reminding the others
(05:25 / Allies) BlazeFury: i know
(05:26 / Allies) Teelo: shredders far more efficient than workers
(05:33 / Allies) BlazeFury: duh
(06:35 / Allies) Teelo: fucking magic immune turtle lol
(06:46 / Allies) BlazeFury: i know lvl 7 in nuts
(06:48 / Allies) BlazeFury: but worth it
(09:47 / Allies) Teelo: remember to tower that
(09:51 / Allies) Teelo: thats the first thing they will hit
(09:53 / Allies) Turbolt09: i kno
(11:25 / Allies) Teelo: kill the zep!
(11:32 / Allies) BlazeFury: will get bats dont worry
(12:13 / Allies) Teelo: damn you were right there
(12:14 / Allies) Teelo: whered you go
(12:32 / Allies) BlazeFury: ?
(12:41 / Allies) Teelo: they're at middle with rifles/hh's
(12:43 / Allies) Teelo: easy kills
(12:51 / Allies) Teelo: they're hitting there
(12:53 / Allies) Teelo: someone intercept them
(13:12 / Allies) EndGame: B
(13:22 / Allies) EndGame: nice
(13:23 / Allies) Teelo: stop making wyverns
(13:25 / Allies) EndGame: easy interrupt
(13:25 / Allies) Teelo: they're countering you
(13:26 / Allies) EndGame: moron
(17:05 / Allies) EndGame: PURPLE
(17:08 / Allies) EndGame: YOU BETTER TOWER LIKE A BITCH
(17:09 / Allies) BlazeFury: ????
(17:18 / Allies) EndGame: gg
(17:21 / Allies) Teelo: I agree
(17:41 / Allies) EndGame: puirple
(17:41 / Allies) EndGame: research
(17:44 / Allies) EndGame: defenseu pgrade
(17:46 / Allies) EndGame: on your war mill
(18:01 / Allies) Teelo: seriously stop making wyverns all they have is medium ranged
(18:19 / Allies) BlazeFury: i have just a few for psn
(18:23 / Allies) BlazeFury: i am getting radiers
(18:32 / Allies) Teelo: raiders dont counter archers
(18:34 / Allies) Teelo: tauren do
(19:39 / Allies) EndGame: pink tower up
(19:48 / Allies) Teelo: pink get fortified towers
(20:17 / Allies) EndGame: research reinforced defenses
(21:16 / Allies) Teelo: red you cant stick sappers in zeppelins
(21:17 / Allies) Teelo: waste of gold
(21:50 / Allies) Teelo: how many frosts did he hit with
(21:57 / Allies) Turbolt09: 1
(22:05 / Allies) Teelo: ok not too many to worry about then
(22:26 / Allies) EndGame: they are gonna hit you pink
(22:50 / Allies) EndGame: told you
(23:04 / Allies) Turbolt09: go
(23:05 / Allies) BlazeFury: let shit this niigga
(23:13 / Allies) Teelo: tping to pink
(23:15 / Allies) Teelo: all come
(23:18 / Allies) BlazeFury: tping too
(23:20 / Allies) Turbolt09: lol wow
(23:43 / Allies) Turbolt09: tower for no reason
(24:37 / Allies) Teelo: mass tp
(24:55 / All) BlazeFury: GG:
(24:56 / All) BlazeFury: GGL
(25:02 / Allies) Teelo: okay
(25:08 / Allies) Teelo: now all you have to do is attack them and I can mass tp to you
(26:28 / Allies) BlazeFury: damnn
(26:35 / Allies) EndGame: b?
(26:40 / Allies) Turbolt09: mass tanks
(26:59 / Allies) Teelo: shit Im out of lumber
(27:00 / Allies) Teelo: LOL
(27:39 / Allies) Teelo: ok
(27:41 / Allies) Teelo: massing tanks now
(27:57 / Allies) BlazeFury: fuck
(27:58 / Allies) BlazeFury: lol
(28:03 / Allies) Teelo: raiddders
(28:18 / Allies) BlazeFury: gold?
(29:01 / Allies) Teelo: cant help you until my AM is back out
(29:03 / Allies) Teelo: they killed it
(31:55 / Allies) Turbolt09: ty
(32:16 / Allies) Teelo: they're taking that mine now
(32:25 / Allies) EndGame: let's go
(33:11 / Allies) Teelo: what?
(33:39 / Allies) Teelo: ensnare the AM
(33:54 / Allies) Teelo: the AM is dead, he is fucked
(34:00 / Allies) Teelo: get the wyverns out of there
(34:41 / Allies) Teelo: GET OUT OF THE WAY
(34:44 / Allies) Teelo: MOVE
(34:46 / Allies) Teelo: MOVE
(34:57 / Allies) Teelo: nice
(34:59 / Allies) Teelo: good work
(35:40 / Allies) BlazeFury: gold please
(36:00 / Allies) BlazeFury: tyty
(36:05 / Allies) Turbolt09: np
(38:00 / All) EhhWasaBabayy: gg
(38:11 / All) Teelo: gg
(38:16 / All) Teelo: fuck I love games on this map
(38:18 / All) Teelo: BEST MAP EVER
(38:23 / All) Teelo: teelosdomain.net
(38:25 / All) Teelo: CLAN TOWA
(38:57 / Allies) Teelo: lawl
(39:01 / Allies) BlazeFury: haha
(39:02 / Allies) BlazeFury: lol
(39:13 / Allies) Teelo: is their last guy afk?
(39:30 / Allies) Teelo: 3 tanks here to kill
(40:43 / Allies) Turbolt09: ty lol
(40:51 / Allies) Teelo: yeah would've been there sooner but purp killed my hero
(40:52 / Allies) Teelo: lol
(40:58 / Allies) BlazeFury: lol sry
(41:44 / Allies) Teelo: 20 mana dn I can tp to you again pink
(42:03 / Allies) Teelo: where've you gone
(44:10 / Allies) Teelo: lol
(44:13 / Allies) Teelo: stupid shredder came with me
(44:14 / Allies) Teelo: ugh